 Dungeon Crawl Stone Soup version 0.23.1-37-gaa34b87b72 (webtiles) character file.

Game seed: 15865141513645466893

43 Lusmu the Poker (level 3, 0/28 HPs)
             Began as a Demonspawn Gladiator on Mar 26, 2019.
             Succumbed to an adder's poison
             ... on level 1 of the Dungeon.
             The game lasted 00:04:19 (1331 turns).

Lusmu the Poker (Demonspawn Gladiator)              Turns: 1331, Time: 00:04:20

Health: 0/28       AC:  5    Str: 11 (14) XL:     3   Next: 37%
Magic:  3/3        EV: 11    Int:  7 (10) God:
Gold:   58         SH:  0    Dex: 11 (14) Spells: 2/2 levels left

rFire    . . .     SeeInvis .   a - +0 trident
rCold    . . .     Gourm    .   (no shield)
rNeg     . . .     Faith    .   o - +0 ring mail
rPois    .         Spirit   .   (helmet restricted)
rElec    .         Reflect  .   (no cloak)
rCorr    .         Harm     .   (no gloves)
MR       .....                  (no boots)
Stlth    +.........             (no amulet)
HPRegen  0.09/turn              (no ring)
MPRegen  0.08/turn              (no ring)

@: lethally poisoned (0 -> -7), berserk cooldown
A: antennae 1, rot immunity
a: no special abilities


You were on level 1 of the Dungeon.
You were not hungry.

You visited 1 branch of the dungeon, and saw 2 of its levels.

You collected 58 gold pieces.

Inventory:

Hand Weapons
 a - a +0 trident (weapon)
Missiles
 d - 3 throwing nets (quivered)
 g - 4 javelins
Armour
 c - a +0 helmet
 o - a +0 ring mail (worn)
Scrolls
 e - 3 scrolls of amnesia
 j - a scroll of fog
 m - a scroll of teleportation
Potions
 h - a potion of cancellation
 i - a potion of agility
Comestibles
 b - 2 chunks of flesh
 f - 2 rations


   Skills:
 + Level 2.7 Fighting
 + Level 3.2 Polearms
 - Level 1.7 Throwing
 - Level 2.6 Dodging
 + Level 1.6 Stealth


You had 2 spell levels left.
You didn't know any spells.
Your spell library was empty.

Dungeon Overview and Level Annotations

Branches:
Dungeon (2/15)

Altars:

Annotations:
D:2 Jessica


Innate Abilities, Weirdness & Mutations

You have a pair of small antennae on your head.
You are immune to rotting.


Message History

You kill the adder!
* * * LOW HITPOINT WARNING * * *
You feel sick.
There is a lethal amount of poison in your body!
You are too berserk!
You feel a strong urge to attack something.
* * * LOW HITPOINT WARNING * * *
You feel sick.
You feel your anger nearly subside.
You are no longer berserk.
You are exhausted.
You feel yourself slow down.
* * * LOW HITPOINT WARNING * * *
You feel sick.
* * * LOW HITPOINT WARNING * * *
You feel sick.
Okay, then.
Your magical effects are unravelling.
You feel magically purged.
You feel yourself speed up.
You die...

######.#####.# #.# ##
............># #.# ##
....##.####### #.# #. ###....#
#.# #. #.#### ########.########.
#.# #......#....)..... #.#
#.####.########### #.# #.# #.# #
#.# #@# #.# # #.# #.# #.# # #.#
#.# #.# # ##.############.# #.#
#########
#...##..........####.###........
#........).........#.##...######
#......###########.........>....
######## ###.##.(.######
#.....##


There were no monsters in sight!

Vanquished Creatures
  An adder (D:1)
  An ooze (D:2)
  A dart slug (D:1)
  2 leopard geckos
  3 goblins
  3 hobgoblins (D:1)
  2 jackals (D:2)
  2 kobolds (D:1)
  A quokka (D:1)
  2 bats (D:2)
  A frilled lizard (D:1)
  6 rats
25 creatures vanquished.

Notes
Turn   | Place    | Note
-------+----------+-------------------------------------------
     0 | D:1      | Lusmu the Demonspawn Gladiator began the quest for the Orb.
     0 | D:1      | Reached XP level 1. HP: 16/16 MP: 1/1
   236 | D:1      | Gained mutation: You have a pair of small antennae on your
                  | head. [demonic ancestry]
   236 | D:1      | Reached XP level 2. HP: 22/22 MP: 2/2
   276 | D:1      | Reached skill level 1 in Stealth
   520 | D:1      | Reached skill level 3 in Polearms
  1249 | D:2      | Gained mutation: You are immune to rotting. [demonic
                  | ancestry]
  1249 | D:2      | Reached XP level 3. HP: 25/28 MP: 3/3
  1309 | D:2      | Noticed Jessica
  1330 | D:1      | HP: 1/28 [poisoned by an adder]
  1331 | D:1      | Succumbed to an adder's poison

Skill      XL: |  1  2 |
---------------+-------+-----
Stealth        | 1 |  1.6
Polearms       | 3 |  3.2
Fighting       | |  2.7
Throwing       | |  1.7
Dodging        | |  2.6

Action                   || total
-------------------------++-------
Melee: Trident           ||    91
  Use: Scroll            ||     4
       Potion            ||     4
 Stab: Sleeping          ||     1
  Eat: Chunk             ||     1
Armor: Leather armour    ||     9
       Ring mail         ||    33
Dodge: Dodged            ||    75
